 Dungeon Crawl Stone Soup version 0.31-a0-210-gccc998df9b (webtiles) character file.

Game seed: 17779940951166994585

139 Dylgear the Shield-Bearer (level 5, -1/42 HPs)
             Began as a Formicid Fighter on June 29, 2023.
             Slain by an ogre
             ... wielding a +0 giant club
              (25 damage)
             ... on level 3 of the Dungeon.
             The game lasted 00:09:56 (2688 turns).

Dylgear the Shield-Bearer (Formicid Fighter)        Turns: 2688, Time: 00:09:57

Health: -1/42      AC: 12    Str: 20    XL:     5   Next: 46%
Magic:  1/1        EV:  7    Int:  8    God:
Gold:   156        SH:  5    Dex: 15    Spells: 4/4 levels left

rFire   + . .        n - +9 hammer of Cog Onwe {antimagic, rC+ rN+}
rCold   + . .        c - +0 buckler
rNeg    + . .        j - +2 chain mail {rF+}
rPois   .            (helmet unavailable)
rElec   .            b - +0 cloak
rCorr   .            (no gloves)
SInv    +            (no boots)
Will    .....        (no amulet) Stlth
                     (no ring)
HPRegen 0.27/turn    (no ring)
MPRegen 0.07/turn

%: no passive effects
@: no status effects
A: permanent stasis, dig shafts and tunnels, antennae 3, four strong arms
a: Dig, Shaft Self


You were on level 3 of the Dungeon.
You visited 1 branch of the dungeon, and saw 3 of its levels.

You collected 156 gold pieces.

Inventory:

Hand Weapons
 a - a +0 war axe
 k - a +2 short sword of electrocution
 m - a +2 mace of holy wrath
 n - the +9 hammer of Cog Onwe (weapon) {antimagic, rC+ rN+}
   (You found it on level 3 of the Dungeon)

   rC:        It protects you from cold.
   rN:        It protects you from negative energy.
Armour
 b - a +0 cloak (worn)
 c - a +0 buckler (worn)
 j - a +2 chain mail of fire resistance (worn)
Scrolls
 e - a scroll of fog
Potions
 d - a potion of might
 f - a potion of mutation
 g - a potion of lignification
 h - 2 potions of heal wounds
 i - a potion of invisibility {unknown}
 l - a potion of berserk rage {unknown}


   Skills:
 + Level 3.8 Fighting
 + Level 3.8 Axes
 + Level 4.2 Armour
 + Level 0.2 Dodging
 + Level 0.3 Stealth
 + Level 4.5 Shields


You had 4 spell levels left.
You didn't know any spells.
Your spell library contained the following spells:

 Spells                   Type           Power      Damage    Failure   Level
 Iskenderun's Battlesphe  Conj           0%         2d6       100%        5
 Leda's Unmaking          Conj/Erth      0%         9d1       100%        6
 Spellforged Servitor     Conj/Summ      0%         N/A       100%        7


Dungeon Overview and Level Annotations

Branches:
Dungeon (3/15)

Altars:
Kikubaaqudgha
Sif Muna


Innate Abilities, Weirdness & Mutations

You cannot be hasted, slowed, berserked, paralysed or teleported.
You can dig through walls and to a lower floor.
You have a pair of large antennae on your head. (SInv)
Your four strong arms can wield two-handed weapons with a shield.


Message History

You see here a +0 falchion.
i - a cyan potion
Okay, then.
There is an open door here.
An orc comes into view. It is wielding a +0 dagger.
The orc barely misses you.
You hit the orc but do no damage. The orc hits you but does no damage.
You hit the orc.
The orc is heavily wounded.
The orc hits you but does no damage.
You hit the orc.
You kill the orc!
No target in view!
No target in view!
There is an open door here.
Things that are here:
a +0 dagger; a +0 chain mail
There is an open door here.
There is an open door here.
You open the door.
There is an open door here.
There is an open door here.
Things that are here:
a +0 dagger; a +0 chain mail
There is an open door here.
You see here a +0 flail.
Found a stone staircase leading down.
An ogre comes into view. It is wielding a +0 giant club.
The ogre shouts!
You hit the ogre.
The ogre is lightly wounded.
The ogre hits you with a +0 giant club.
You sock the ogre!
The ogre is heavily wounded.
The ogre hits you with a +0 giant club!
You hit the ogre.
The ogre is severely wounded.
The ogre hits you with a +0 giant club!!
Ouch! That really hurt!
You die...

##..#
##.......##
# ##.#
##.....## #
#####.#
##...## #
#.....#
##'## #
#.##### #.#
# #.# #.# #
##.#####
#.# #
#......#
...
#..###@#
... #.>#
#O# ...
#..# #..
#... ....
#.## #.#..
#. ..####
## ###


You could see an ogre.

Vanquished Creatures
  Crazy Yiuf (D:3)
  Terence (D:3)
  A worm (D:3)
  5 dart slugs
  7 orcs
  3 ball pythons
  10 endoplasms
  2 giant cockroaches
  4 goblins
  6 hobgoblins
  3 quokkas
  6 bats
  3 frilled lizards
  4 kobolds
  2 rats
58 creatures vanquished.

Notes
Turn   | Place    | Note
-------+----------+-------------------------------------------
     0 | D:1      | Dylgear the Formicid Fighter began the quest for the Orb.
     0 | D:1      | Reached XP level 1. HP: 18/18 MP: 1/1
   359 | D:1      | Found a faded altar of an unknown god.
   369 | D:1      | Reached XP level 2. HP: 24/24 MP: 2/2
   583 | D:1      | Reached XP level 3. HP: 27/29 MP: 3/3
  1121 | D:2      | Reached XP level 4. HP: 36/37 MP: 4/4
  1992 | D:3      | Found a shimmering blue altar of Sif Muna.
  2155 | D:3      | Noticed Terence
  2171 | D:3      | Killed Terence
  2172 | D:3      | Reached XP level 5. HP: 21/42 MP: 5/5
  2257 | D:3      | Found a runed translucent door.
  2258 | D:3      | Noticed Crazy Yiuf
  2265 | D:3      | Killed Crazy Yiuf
  2275 | D:3      | Identified the +9 hammer of Cog Onwe {antimagic, rC+ rN+}
  2347 | D:3      | Found an ancient bone altar of Kikubaaqudgha.
  2684 | D:3      | Noticed an ogre
  2688 | D:3      | Slain by an ogre

Illustrated notes

Levels and vault maps discovered:
D:1:      roderic_crop_circles_arrival_small, layout_rooms,
          hellmonk_ecumenical_altar_pennies_from_heaven
D:2:      layout_basic
D:3:      minmay_angry_zag, layout_loops_corners, general_overflow_altar,
          lemuel_blue_sif_altar, chequers_serial_rivers_large_b,
          uniq_crazy_yiuf_cottage, uniq_terence

Skill      XL: |  1  2  3  4 |
---------------+-------------+-----
Axes           | 3 |  3.8
Armour         | 4 |  4.2
Fighting       | |  3.8
Dodging        | |  0.2
Stealth        | |  0.3
Shields        | |  4.5

Action                     |  1- 3 |  4- 6 || total
---------------------------+-------+-------++-------
  Melee: War axe           |   180 |    53 ||   233
         Mace              |       |    14 ||    14
    Use: Scroll            |     5 |     3 ||     8
 Armour: Scale mail        |    56 |    13 ||    69
         Chain mail        |       |     3 ||     3
  Dodge: Dodged            |    42 |    22 ||    64
  Block: Buckler           |    34 |    12 ||    46

Table legend: (Time is in decaauts)
 A = Elapsed time spent in this place.
 B = Non-inter-level travel time spent in this place.
 C = Inter-level travel time spent in this place.
 D = Time resting spent in this place.
 E = Time spent auto-exploring this place.
 F = Levels seen in this place.
 G = Mean time per level.
                   A        B        C        D        E       F      G
               +--------+--------+--------+--------+--------+-----+--------+
         Total |   2837 |   2667 |    170 |     67 |   1729 |   3 |  945.7 |
       Dungeon |   2837 |   2667 |    170 |     67 |   1729 |   3 |  945.7 |
               +--------+--------+--------+--------+--------+-----+--------+

Top non-repeatable levels by time:
     D:3: 1137 daAuts
     D:1: 888 daAuts
     D:2: 811 daAuts
